 Dungeon Crawl Stone Soup version 0.24.0-125-gc4c63601f3 (webtiles) character file.

Game seed: 2796957877515389722, levelgen mode: deterministic

79006 Curus the Warrior (level 15, 0/220 HPs)
             Began as a Minotaur Berserker on Mar 6, 2020.
             Was a High Priest of Trog.
             Slain by a crocodile (9 damage)
             ... on level 13 of the Dungeon.
             The game lasted 01:40:33 (19135 turns).

Curus the Warrior (Minotaur Berserker)             Turns: 19135, Time: 01:40:34

Health: 0/220      AC: 36    Str: 28    XL:     15   Next: 19%
Magic:  0/20       EV:  9    Int:  7    God:    Trog [*****.]
Gold:   942        SH:  0    Dex: 11    Spells: 14/14 levels left

rFire    + . .     SeeInvis .   S - +4 bardiche (flame)
rCold    + . .     Gourm    .   (shield currently unavailable)
rNeg     . . .     Faith    .   B - +5 plate armour {rC+}
rPois    +         Spirit   +   o - +2 hat
rElec    .         Reflect  .   E - +3 cloak "Tivop" {rPois MR+}
rCorr    .         Harm     .   q - +2 pair of gloves
MR       +++..                  t - +1 pair of boots
Stlth    ..........             Q - amulet of guardian spirit
HPRegen  0.86/turn              M - ring of protection from magic
MPRegen  0.17/turn              V - ring "Ytwiudwe" {+Fly rF+ Int-3 Stlth-}

@: berserking (expiring), very quick
A: retaliatory headbutt, horns 2, clever 1, sense surroundings 1, regeneration 1
a: Berserk, Trog's Hand, Brothers in Arms, Renounce Religion, Evoke Flight


You were on level 13 of the Dungeon.
You worshipped Trog.
Trog was extremely pleased with you.
You were near starving.

You visited 3 branches of the dungeon, and saw 21 of its levels.
You visited 1 bazaar.
You also visited: Ossuary.

You collected 2382 gold pieces.
You spent 1440 gold pieces at shops.

Inventory:

Hand Weapons
 b - a +8 vampiric spear
 F - a +4 demon trident of electrocution
 S - a +4 bardiche of flaming (weapon)
Armour
 a - a +1 pair of gloves
 o - a +2 hat (worn)
 q - a +2 pair of gloves (worn)
 t - a +1 pair of boots (worn)
 w - a +1 buckler
 B - a +5 plate armour of cold resistance (worn)
 E - the +3 cloak "Tivop" (worn) {rPois MR+}
   (You found it on level 8 of the Dungeon)

   It protects you from poison.
   It affects your resistance to hostile enchantments.
Jewellery
 e - an uncursed ring of ice
 h - an uncursed amulet of faith
 j - an uncursed ring of magical power
 v - an uncursed ring of flight
 x - an uncursed ring of stealth
 K - a +3 ring of intelligence
 L - an uncursed ring of ice
 M - a ring of protection from magic (left hand)
 N - an uncursed amulet of magic regeneration
 Q - an amulet of guardian spirit (around neck)
 U - a +4 ring of dexterity
 V - the ring "Ytwiudwe" (right hand) {+Fly rF+ Int-3 Stlth-}
   (You bought it in a shop on level 7 of the Dungeon)

   [ring of intelligence]

   It affects your intelligence (-3).
   It protects you from fire.
   It lets you fly.
   It makes you less stealthy.
Wands
 d - a wand of polymorph (11)
 z - a wand of iceblast (36)
 D - a wand of paralysis (9)
 G - a wand of acid (7)
 J - a wand of scattershot (4)
 O - a wand of disintegration (18)
 P - a wand of enslavement (10)
 R - a wand of flame (24)
 X - a wand of random effects (29)
Scrolls
 f - 5 scrolls of remove curse
 l - 13 scrolls of identify
 n - 3 scrolls of fog
 s - 5 scrolls of teleportation
 y - 2 scrolls of magic mapping
 C - 5 scrolls of enchant weapon
Potions
 g - 6 potions of curing
 i - 3 potions of agility
 k - a potion of resistance
 m - 6 potions of haste
 p - 6 potions of heal wounds
 r - 2 potions of flight
 A - 2 potions of ambrosia
 H - a potion of might
 I - 2 potions of cancellation
 W - a potion of brilliance
Comestibles
 c - 43 rations


   Skills:
 + Level 17.3 Fighting
   Level 9.1(12.6) Axes
 - Level 14.0(14.9) Polearms
 + Level 17.2 Armour
 - Level 2.1 Dodging
 - Level 4.4 Shields
 - Level 8.6 Evocations


You had 14 spell levels left.
You didn't know any spells.
Your spell library was empty.

Dungeon Overview and Level Annotations

Branches:
Dungeon (13/15)            Temple (0/1) D:5            Lair (6/6) D:10
 Shoals (0/4) Lair:2       Spider (0/4) Lair:2        Slime (0/5) Lair:6
    Orc (2/2) D:10            Elf (0/3) Orc:2       Ossuary (visited)
 Vaults: D:13-14

Altars:
Dithmenos
Fedhas
Hepliaklqana
Kikubaaqudgha
Makhleb
Nemelex Xobeh
Qazlal
Ru
Sif Muna
Trog
Vehumet
Xom
Yredelemnul
Zin
The Shining One
Beogh
Jiyva

Shops:
D:7 *   D:11 (   Orc:1 *   Orc:2 :?[?

Annotations:
D:7 2 transporters
D:13 Jorgrun


Innate Abilities, Weirdness & Mutations

You reflexively headbutt those who attack you in melee.
You have a pair of horns on your head.
Your mind is acute. (Int +2)
You passively map a small area around you.
Your natural rate of healing is unusually fast.


Message History

Trog appreciates your killing of a magic user.
The ice beast disappears in a puff of smoke! x2
The crocodile bites you but does no damage.
The worker ant bites you.
* * * LOW HITPOINT WARNING * * *
You slice the worker ant!! You burn the worker ant!
You kill the worker ant!
Trog accepts your kill. The crocodile barely misses you.
You completely miss the yaktaur. You headbutt the yaktaur!
The yaktaur is moderately wounded.
The deep elf mage casts a spell.
The deep elf mage blinks!
The crocodile closely misses you.
You slice the yaktaur!! You burn the yaktaur.
The yaktaur is almost dead.
You hear a shout!
The yaktaur unwields a +0 arbalest.
The yaktaur barely misses you.
Jorgrun Earthshaker comes into view.
He is wielding a +0 quarterstaff of crushing.
The crocodile bites you!
You die...

..##.#..#.##..#.# * *
*..........#,#.#
*####.#..#.#####.#
.......((.c)...+######## , ,
.......(((g..eh........#
####.#..#.#####(c......#
#...§†§...D# #c..)>...# *
.##.#tc#.##..#.?c(....# * ,, ,
#.#)@#.#,*.#...(....# * ,*.
#.(##Z ,#...c....# *, *, c, #..#
Z. ∩#...(....# * #### #..# ###
######(### #########'#####..#
##.h# #...............## #..##
#...[.......##### #######c####
()..........# #..........#
#...........#########.)........#


You could see Jorgrun, a yaktaur, a crocodile and a centaur.

Vanquished Creatures
  An orc warlord (Orc:1)
  Snorg (D:13)
  Fannar (Lair:3)
  Erolcha (Orc:2)
  7 hydras
  3 centaur warriors
  Erica (D:9)
  3 death yaks (Lair:5)
  2 ogre magi (Orc:2)
  8 two-headed ogres
  Urug (D:10)
  A deep elf knight (D:13)
  Nergalle (Orc:2)
  Sonja (D:12)
  A skeletal warrior (D:13)
  3 unseen horrors
  An ugly thing (D:12)
  2 orc knights
  2 deep elf magi
  7 orc sorcerers (Orc:2)
  5 manticores
  An orb spider (shapeshifter) (D:13)
  3 cyclopes
  Joseph (D:9)
  4 elephants (Lair:4)
  A black mamba (Lair:4)
  A torpor snail (Lair:6)
  A rime drake (Lair:3)
  6 komodo dragons
  3 yaktaurs (D:13)
  11 spiny frogs
  2 kobold demonologists (D:13)
  9 polar bears (Lair:6)
  2 jumping spiders (Lair:2)
  A polar bear (shapeshifter) (D:13)
  A hornet (Lair:3)
  3 trolls
  16 blink frogs
  6 hippogriffs
  4 dream sheep (Lair:6)
  3 raiju (Lair:6)
  A spriggan (Lair:3)
  A redback (Lair:2)
  A shadow (D:12)
  A wraith (D:7)
  2 basilisks
  50 yaks
  2 wyverns
  2 chaos spawn (D:8)
  2 hungry ghosts
  10 wargs
  An acid dragon (D:11)
  3 porcupines
  12 hell hounds (Lair:6)
  8 water moccasins
  18 orc warriors
  5 sky beasts
  18 black bears
  An eye of draining (D:11)
  2 ice beasts
  3 phantoms
  A necrophage (D:12)
  54 wolves
  7 ogres
  17 centaurs
  6 crocodiles
  2 elf zombies (D:7)
  Blork the orc (D:6)
  A big kobold (D:13)
  14 bullfrogs
  2 elf skeletons (D:7)
  A water moccasin zombie (Ossuary)
  6 scorpions
  2 wyvern skeletons
  A water moccasin skeleton (D:6)
  18 killer bees
  13 howler monkeys
  2 electric eels (D:9)
  5 crimson imps
  A bullfrog zombie (D:12)
  7 jellies
  7 hounds
  4 human zombies (D:7)
  11 orc priests
  4 centaur skeletons
  36 orc wizards
  A human skeleton (D:7)
  5 iguanas
  15 worker ants
  3 big kobold zombies (Ossuary)
  4 mummies
  2 worker ant zombies
  14 adders
  7 shadow imps
  3 adder zombies (Ossuary)
  7 oozes
  7 worms
  5 leopard geckos
  81 orcs
  8 bats
  5 giant cockroaches
  4 gnoll zombies (Ossuary)
  3 goblins
  7 hobgoblins
  5 jackals
  12 kobolds
  4 quokkas
  A ball python (D:2)
  6 frilled lizards
  3 hobgoblin zombies (Ossuary)
  2 jackal zombies
  8 kobold zombies (Ossuary)
  A leopard gecko skeleton (D:5)
  4 orc zombies
  A quokka skeleton (D:6)
  9 rats
735 creatures vanquished.

Vanquished Creatures (others)
  37 fungi
  15 plants
52 creatures vanquished.

Grand Total: 787 creatures vanquished

Notes
Turn   | Place    | Note
-------+----------+-------------------------------------------
     0 | D:1      | Curus the Minotaur Berserker began the quest for the Orb.
     0 | D:1      | Reached XP level 1. HP: 19/19 MP: 0/0
   363 | D:1      | Reached XP level 2. HP: 26/26 MP: 1/1
   421 | D:1      | Gained mutation: Your magical capacity is low. (-10% MP)
                  | [potion of mutation]
   421 | D:1      | Gained mutation: Scrolls take you a little longer to read.
                  | [potion of mutation]
   421 | D:1      | Gained mutation: You are partially covered in yellow
                  | scales. (AC +2) [potion of mutation]
   865 | D:2      | Reached skill level 5 in Axes
   877 | D:2      | Reached XP level 3. HP: 20/31 MP: 1/1
  1236 | D:2      | Found a blossoming altar of Fedhas.
  1262 | D:2      | Reached ** piety under Trog
  1396 | D:2      | Found a glowing golden altar of the Shining One.
  1603 | D:2      | Reached XP level 4. HP: 39/39 MP: 2/2
  1660 | D:2      | Found a faded altar of an unknown god.
  2037 | D:3      | Reached *** piety under Trog
  2142 | D:3      | Found a hazy altar of Hepliaklqana.
  2142 | D:3      | Found a shadowy altar of Dithmenos.
  2226 | D:3      | Found a bloodstained altar of Trog.
  2460 | D:4      | Reached XP level 5. HP: 39/45 MP: 3/3
  2482 | D:4      | Found a sand-covered staircase.
  2502 | Ossuary  | Entered an ossuary
  2575 | Ossuary  | Reached **** piety under Trog
  2587 | Ossuary  | Reached XP level 6. HP: 43/51 MP: 4/4
  3028 | D:4      | Got a slimy trident
  3245 | D:3      | Identified the +1 trident of True Grit {elec, Str+5 Stlth+}
                  | (You found it on level 4 of the Dungeon)
  3278 | D:4      | Reached skill level 1 in Polearms
  3386 | D:4      | Reached XP level 7. HP: 57/57 MP: 5/5
  3737 | D:5      | Entered Level 5 of the Dungeon
  3801 | D:5      | Found a staircase to the Ecumenical Temple.
  3821 | D:5      | Reached skill level 5 in Polearms
  3965 | D:5      | Reached ***** piety under Trog
  4325 | D:6      | Found a shimmering blue altar of Sif Muna.
  4377 | D:6      | Noticed Blork the orc
  4385 | D:6      | Killed Blork the orc
  4446 | D:6      | Reached XP level 8. HP: 64/64 MP: 6/6
  4677 | D:6      | Received a gift from Trog
  5310 | D:7      | Found Dunoap Omey's Assorted Antiques.
  5323 | D:7      | Bought a potion of mutation for 248 gold pieces
  5382 | D:7      | Reached skill level 10 in Polearms
  5385 | D:7      | Found a basalt altar of Yredelemnul.
  5433 | D:7      | Reached XP level 9. HP: 70/70 MP: 7/7
  5460 | D:7      | Identified a scroll of acquirement
  5578 | D:7      | Found a glowing silver altar of Zin.
  5580 | D:7      | Noticed an angel
  5584 | D:7      | Found a shimmering altar of Xom.
  5872 | D:7      | Found a transporter.
  6214 | D:7      | Found a transporter.
  6215 | D:7      | Found the +2 cloak of the Thief {+Fog Slay-2 SInv Stlth+}
  6326 | D:7      | Lost mutation: You are partially covered in yellow scales.
                  | (AC +2) [potion of mutation]
  6326 | D:7      | Lost mutation: Scrolls take you a little longer to read.
                  | [potion of mutation]
  6326 | D:7      | Lost mutation: Your magical capacity is low. (-10% MP)
                  | [potion of mutation]
  6326 | D:7      | Gained mutation: Your mind is acute. (Int +2) [potion of
                  | mutation]
  6326 | D:7      | Gained mutation: Your body sometimes deteriorates upon
                  | taking damage. [potion of mutation]
  6326 | D:7      | Gained mutation: Your muscles are strong. (Str +2) [potion
                  | of mutation]
  6490 | D:8      | Found the +7 mace of Variability {chain chaos}
  6490 | D:8      | Found a shimmering altar of Xom.
  6701 | D:8      | Noticed a two-headed ogre
  6715 | D:8      | Killed a two-headed ogre
  6715 | D:8      | Reached skill level 5 in Fighting
  6720 | D:8      | Reached skill level 5 in Armour
  6738 | D:8      | Reached XP level 10. HP: 37/83 MP: 9/9
  7039 | D:8      | Found a burning altar of Makhleb.
  7109 | D:8      | Got a transparent cloak
  7115 | D:8      | Identified the +3 cloak "Tivop" {rPois MR+} (You found it
                  | on level 8 of the Dungeon)
  7352 | D:8      | Found a sacrificial altar of Ru.
  7464 | D:9      | Found a stormy altar of Qazlal.
  7625 | D:9      | Received a gift from Trog
  7655 | D:9      | Found a transporter.
  7758 | D:9      | Killed an unseen horror
  7853 | D:9      | Found a transporter.
  7968 | D:9      | Found a sparkling altar of Nemelex Xobeh.
  7981 | D:9      | Noticed Erica
  7986 | D:9      | Killed Erica
  7990 | D:9      | Noticed Joseph
  8001 | D:9      | Killed Joseph
  8500 | D:10     | Entered Level 10 of the Dungeon
  8500 | D:10     | Noticed a two-headed ogre
  8507 | D:10     | Killed a two-headed ogre
  8650 | D:10     | Reached XP level 11. HP: 91/99 MP: 10/10
  8660 | D:10     | Reached skill level 10 in Fighting
  8676 | D:10     | Found a staircase to the Orcish Mines.
  8752 | D:10     | Found a staircase to the Lair.
  8759 | D:10     | Killed an unseen horror
  8759 | D:10     | Reached skill level 10 in Armour
  8775 | D:10     | Noticed Urug
  8806 | D:10     | Killed Urug
  8866 | Lair:1   | Entered Level 1 of the Lair of Beasts
  8908 | Lair:1   | Reached skill level 1 in Shields
  8918 | Lair:1   | Reached skill level 1 in Evocations
  9507 | Lair:2   | Received a gift from Trog
  9512 | Lair:2   | Found a staircase to the Shoals.
  9536 | Lair:2   | Noticed a four-headed hydra
  9543 | Lair:2   | Killed a four-headed hydra
  9634 | Lair:2   | Found a hole to the Spider Nest.
  9659 | Lair:2   | Reached ****** piety under Trog
  9679 | Lair:2   | Received a gift from Trog
  9712 | Lair:2   | Reached XP level 12. HP: 110/110 MP: 14/14
 10235 | Lair:3   | Noticed Fannar
 10246 | Lair:3   | Reached skill level 5 in Evocations
 10259 | Lair:3   | Killed Fannar
 10648 | Lair:3   | Received a gift from Trog
 11851 | Lair:5   | Noticed a seven-headed hydra
 11860 | Lair:5   | Killed a seven-headed hydra
 11894 | Lair:5   | Reached XP level 13. HP: 104/118 MP: 18/18
 13568 | D:9      | Received a gift from Trog
 13738 | D:7      | Bought a small granite ring for 155 gold pieces
 13738 | D:7      | Bought a scorched jade ring for 155 gold pieces
 13739 | D:7      | Identified the cursed ring "Ytwiudwe" {+Fly rF+ Int-3
                  | Stlth-} (You bought it in a shop on level 7 of the Dungeon)
 14066 | Lair:6   | Entered Level 6 of the Lair of Beasts
 14182 | Lair:6   | Found a viscous altar of Jiyva.
 14183 | Lair:6   | Found a staircase to the Slime Pits.
 14558 | Lair:6   | Reached XP level 14. HP: 87/133 MP: 16/19
 15007 | Orc:1    | Entered Level 1 of the Orcish Mines
 15036 | Orc:1    | Noticed an orc warlord
 15060 | Orc:1    | Killed an orc warlord
 15060 | Orc:1    | Reached skill level 15 in Fighting
 15536 | Orc:2    | Entered Level 2 of the Orcish Mines
 15555 | Orc:2    | Reached skill level 15 in Armour
 15582 | Orc:2    | Found a staircase to the Elven Halls.
 15645 | Orc:2    | Found a flickering gateway to a bazaar.
 15651 | Orc:2    | Received a gift from Trog
 15670 | Bazaar   | Entered a bazaar
 15684 | Bazaar   | Found Hacyloq's Gadget Emporium.
 15699 | Bazaar   | Found Fazoet's Armour Shoppe.
 15714 | Bazaar   | Found Neutiyr's Weapon Shoppe.
 15714 | Bazaar   | Found Kenwefet's Gadget Emporium.
 15825 | Orc:1    | Found Xantyaqa's Assorted Antiques.
 15838 | Orc:1    | Bought a potion of mutation for 264 gold pieces
 15838 | Orc:1    | Bought a glass wand for 132 gold pieces
 16131 | Orc:2    | Found Pabaos's Magic Scroll Boutique.
 16140 | Orc:2    | Bought a scroll of brand weapon for 280 gold pieces
 16140 | Orc:2    | Bought a scroll of teleportation for 42 gold pieces
 16155 | Orc:2    | Found an ancient bone altar of Kikubaaqudgha.
 16157 | Orc:2    | Noticed Nergalle
 16176 | Orc:2    | Killed Nergalle
 16190 | Orc:2    | Found Xole's Magic Scroll Boutique.
 16195 | Orc:2    | Noticed Erolcha
 16203 | Orc:2    | Killed Erolcha
 16218 | Orc:2    | Bought a scroll of enchant armour for 82 gold pieces
 16218 | Orc:2    | Bought a scroll of enchant armour for 82 gold pieces
 16229 | Orc:2    | Found a radiant altar of Vehumet.
 16262 | Orc:2    | Found a roughly hewn altar of Beogh.
 16263 | Orc:2    | Found Pifrauz's Book Boutique.
 16273 | Orc:2    | Received a gift from Trog
 16297 | Orc:2    | Found Alenedghu's Antique Armour Shop.
 17377 | D:11     | Found Uttenous's Weapon Shop.
 18182 | D:11     | Lost mutation: Your body sometimes deteriorates upon taking
                  | damage. [potion of mutation]
 18182 | D:11     | Lost mutation: Your muscles are strong. (Str +2) [potion of
                  | mutation]
 18182 | D:11     | Gained mutation: You passively map a small area around you.
                  | [potion of mutation]
 18182 | D:11     | Gained mutation: Your natural rate of healing is unusually
                  | fast. [potion of mutation]
 18224 | D:12     | Noticed Sonja
 18239 | D:12     | Killed Sonja
 18247 | D:12     | Received a gift from Trog
 18456 | D:12     | Found an ancient bone altar of Kikubaaqudgha.
 18759 | D:13     | Noticed Snorg
 18775 | D:13     | Killed Snorg
 18775 | D:13     | Reached XP level 15. HP: 42/147 MP: 5/20
 19130 | D:13     | HP: 11/220 [yaktaur/bolt (11)]
 19135 | D:13     | Noticed Jorgrun
 19135 | D:13     | Slain by a crocodile

Levels and vault maps discovered:
D:1:      wheals_arrival_linesprint, layout_loops_cross, hex_medium
D:2:      layout_basic, lemuel_round_altar, nicolae_tso_swordbearing_angel,
          chequers_ecumenical_altar_twisty, kennysheep_generic_room_14
D:3:      layout_rooms, lightli_temple_of_fire,
          chequers_temple_overflow_statue_of_worship
D:4:      layout_gridville, enter_ossuary_3, first_ration
D:5:      layout_rooms, minmay_temple_entry_wispy
D:6:      layout_basic, kennysheep_little_box, uniq_blork_the_orc
D:7:      gammafunk_cloud_chamber, layout_basic,
          grunt_temple_overflow_order_and_chaos_1,
          lemuel_mausoleum_altar_yredelemnul, serial_shops,
          nicolae_shop_overgrown_old_shop
D:8:      layout_basic, lemuel_coloured_pillars_altar, nicolae_ru_path_of_blood,
          hangedman_little_slice_of_home, minmay_guarded_unrand_variability
D:9:      gammafunk_steamed_eel, layout_basic, nicolae_overflow_crystal_walls,
          overflow_temple_1_default, uniq_erica, uniq_joseph
D:10:     layout_loops_ring, due_lair_maze_entry_diamond, david_orc_3, uniq_urug
D:11:     layout_cave_pods, serial_shops, shop
D:12:     layout_long_grid, basic_altar, uniq_sonja
D:13:     layout_roguey, hangedman_vaults_entry_quadrant_bands, uniq_jorgrun,
          uniq_snorg
Lair:1:   layout_regular_city
Lair:2:   layout_hall_layers, minmay_shoals_entry_centaurs, spider_nest_entry_a,
          grunt_megastairs_3
Lair:3:   layout_regular_city, grunt_forest_large_clearings, uniq_fannar
Lair:4:   layout_small_grid
Lair:5:   layout_gridlike, small_statue_intersection
Lair:6:   hangedman_lair_caniforms_friends, layout_cave_shapes,
          dpeg_slime_entry_enclosed_altar
Orc:1:    layout_caves, serial_shops, shop
Orc:2:    kennysheep_orc_mage_school, layout_diamond_mine, serial_shops,
          bzr_in_the_mist

Skill      XL: |  1  2  3  4  5  6  7  8  9 10 11 12 13 14 15 |
---------------+----------------------------------------------+-----
Axes           | 4 5 6 7 8 9 |  9.1
Polearms       | 3 7 11 13 14 | 14.0
Fighting       | 5 9 11 12 14 17 | 17.3
Armour         | 5 9 10 11 14 16 17 | 17.2
Shields        | 4 |  4.4
Evocations     | 4 8 |  8.6
Dodging        | |  2.1

Action                   |  1- 3 |  4- 6 |  7- 9 | 10-12 | 13-15 || total
-------------------------+-------+-------+-------+-------+-------++-------
Melee: Hand axe          |    76 |   198 |       |       |       ||   274
       Headbutt          |    15 |    45 |    51 |    92 |   177 ||   380
       Trident           |       |    18 |   333 |    49 |       ||   400
       Demon trident     |       |       |       |   579 |   874 ||  1453
       Bardiche          |       |       |       |       |   123 ||   123
Invok: Berserk           |     1 |       |     1 |     1 |     2 ||     5
       Trog's Hand       |       |       |       |     1 |     1 ||     2
Evoke: Wand              |       |       |       |       |     2 ||     2
  Use: Scroll            |     2 |     9 |     7 |     4 |     6 ||    28
       Potion            |     6 |     4 |     2 |     2 |     2 ||    16
 Stab: Sleeping          |       |     1 |     2 |       |       ||     3
  Eat: Chunk             |     3 |     6 |     8 |    13 |    16 ||    46
       Ration            |       |       |     1 |     2 |     3 ||     6
Armor: Animal skin       |     7 |       |       |       |       ||     7
       Ring mail         |    10 |    55 |    11 |       |       ||    76
       Skin              |       |     1 |       |       |       ||     1
       Chain mail        |       |       |    39 |       |       ||    39
       Plate armour      |       |       |    47 |   323 |   612 ||   982
Dodge: Dodged            |    49 |    63 |    69 |   152 |   268 ||   601
Block: Buckler           |       |       |     2 |    91 |   136 ||   229
